slyhack, chaotic female human Rogue ------- -------------------------------- |.....| #)..............................| |.....+ ###|.------+-------------- ----- | |.<...|### # |.|.... |......######### |.|.. -.--.-- ### |.-|---- #### # |.@.M@.| # |.----Y| ##### |.| .).- -[---------- |.|..|.. |..........| |.|----| |..........| .| |..........| |.| |..........| |.| ------------ |.- |. --- slyhack the Rogue Experience level: 6 Strength: 18 Dexterity: 16 Constitution: 14 Intelligence: 8 Wisdom: 11 Charisma: 10 Health: 0(39) Energy: 30(30) Def: 3 Gold: 13 Moves: 2167 Dungeon seed: Uin1al0NDAosG4dg Game ID: slyhack_1475177712 Your Inventory: Coins $ - 13 gold pieces Weapons a - an uncursed +0 short sword b - an uncursed +0 dagger named Biter (weapon in hand) g - 12 uncursed +0 daggers named <<< (in quiver) i - 22 uncursed +0 arrows m - 10 uncursed +0 daggers s - 15 uncursed +0 darts v - 5 uncursed +1 darts E - a cursed -1 dagger O - a blessed +0 dagger Armor e - an uncursed +1 leather armor (being worn) q - an uncursed +0 dwarvish cloak r - an uncursed +0 pair of iron shoes x - an uncursed +0 dwarvish iron helm z - a cursed -2 dwarvish mithril-coat A - an uncursed +0 dwarvish cloak F - an uncursed +0 dwarvish cloak N - an uncursed +0 dwarvish iron helm P - an uncursed +0 dwarvish cloak Y - an uncursed +0 dwarvish cloak Comestibles h - an uncursed lichen corpse o - an uncursed cherry C - 3 uncursed food rations Potions I - an uncursed potion of full healing Wands M - an uncursed wand of create monster (0:10) Tools k - an uncursed lock pick p - 14 uncursed tallow candles (0:200) t - an uncursed skeleton key B - an uncursed sack Gems n - an uncursed topaz stone w - 2 uncursed worthless pieces of orange glass y - an uncursed agate stone H - 2 uncursed worthless pieces of yellowish brown glass K - an uncursed worthless piece of violet glass Contents of the sack: 346 gold pieces an uncursed potion of sickness an uncursed wand of create monster (0:14) an uncursed wand of undead turning (0:4) Spells and supernatural/magical abilities: Name Level Category Fail Memory W - pray for help -- divine ? -- Your skills at the end: Fighting Skills Weapon Skills dagger [Basic] short sword [Basic] Spellcasting Skills Final Attributes: You were piously aligned. You were stealthy. You are dead. Vanquished creatures: a dwarf lord an orc shaman 4 gnome lords 3 gnomish wizards a gray ooze a little dog a kitten 7 dwarves a centipede a giant bat 2 monkeys a werejackal a coyote a gas spore a green mold 19 gnomes a gecko 8 jackals a kobold 2 sewer rats 2 grid bugs 4 lichens a kobold zombie 4 newts 69 creatures vanquished. Voluntary challenges: You used a wielded weapon 49 times, starting on turn 6. You read items or engraved 3 times, starting on turn 2135. You never genocided any monsters. You never polymorphed an object. You never changed form. You used no wishes. You never split a pudding. You wrote Elbereth's name 1 time, starting on turn 2137. You never violated your personal moral code. Dungeon overview: The Dungeons of Doom: levels 1 to 3 Level 1 a fountain a long staircase Level 2 a jewelry store Level 3 stairs to The Gnomish Mines The Gnomish Mines: levels 4 to 6 Level 4 stairs to The Dungeons of Doom Level 5 Level 6 <- You were here History has recorded: On T:1 you entered the Dungeons of Doom to retrieve the Amulet of Yendor! On T:348 you reached level 2 of The Dungeons of Doom. On T:425 you reached level 3 of The Dungeons of Doom. On T:829 you advanced to experience level 2. On T:894 you reached level 1 of The Gnomish Mines. On T:915 you advanced to experience level 3. On T:962 you advanced to experience level 4. On T:1068 you advanced to experience level 5. On T:1261 you reached level 2 of The Gnomish Mines. On T:1711 you advanced to experience level 6. On T:2035 you reached level 3 of The Gnomish Mines. Score breakdown: Gold: 359 ( 8695 points) Experience: 6 levels (12456 points) Exploration: 6 levels ( 12.00%) ( 9583 points) Discoveries: 2 items ( 0.67%) ( 2457 points) Valuables value: (no points given unless you survive) Artifact value: 0 ( 0 points) Variety of kills: 24 monsters ( 6.30%) ( 7529 points) Turncount: 2167 turns ( -119 points) Survival: died (score multiplied by 80%) Total score: 32480 Latest messages: The dwarf mummy hits! You write in the dust with your fingers. The dwarf mummy hits! You add to the writing in the dust with your fingers. The dwarf mummy turns to flee! The gnomish wizard turns to flee! The monkey turns to flee! The dwarf mummy turns to flee! The gnomish wizard casts a spell! The gnomish wizard is suddenly moving faster. The dwarf mummy turns to flee! The gnomish wizard turns to flee! The monkey turns to flee! The dwarf mummy turns to flee! (2x) The dwarf mummy hits! Never mind. You add to the writing in the dust with your fingers. The dwarf mummy hits! The monkey just misses! The monkey bites! You die... Final status: Goodbye slyhack the Rogue, killed by a monkey... You died in The Gnomish Mines on dungeon level 6 with 32480 points, and 359 pieces of gold, after 2167 moves. You were level 6 with a maximum of 39 hit points when you died.